 Dungeon Crawl Stone Soup version 0.31-a0-108-gdf935468f2 (webtiles) character file.

Game seed: 6915342036089786549

821 Sobieck the Destroyer (level 7, -3/36 HPs)
             Began as a Tengu Conjurer on May 27, 2023.
             Was a Follower of Vehumet.
             Slain by an ogre
             ... wielding a +0 giant club
              (21 damage)
             ... on level 5 of the Dungeon.
             The game lasted 00:06:43 (4574 turns).

Sobieck the Destroyer (Tengu Conjurer)              Turns: 4574, Time: 00:06:43

Health: -3/36      AC:  4    Str:  7    XL:     7   Next: 95%
Magic:  1/14       EV: 14    Int: 20    God:    Vehumet [*.....]
Gold:   180        SH:  0    Dex: 13    Spells: 3/14 levels left

rFire   . . .        u - staff of air
rCold   . . .        (no shield)
rNeg    . . .        a - +0 robe
rPois   .            d - +2 hat
rElec   +            (no cloak)
rCorr   .            (no gloves)
SInv    +            (boots unavailable)
Will    .....        (no amulet)
Stlth   ++           s - ring of see invisible
HPRegen 0.26/turn    (no ring)
MPRegen 0.14/turn

%: no passive effects
@: flying quickly and evasively, quick
A: beak, talons 3, nimble flight
a: Renounce Religion


You were on level 5 of the Dungeon.
You worshipped Vehumet.
Vehumet was aware of your devotion.
You visited 2 branches of the dungeon, and saw 6 of its levels.

You collected 180 gold pieces.

Inventory:

Armour
 a - a +0 robe (worn)
 d - a +2 hat (worn)
Magical Staves
 u - a staff of air (weapon)
Jewellery
 s - a ring of see invisible (left hand)
Wands
 E - a wand of charming (5)
Scrolls
 c - 4 scrolls of identify {unknown}
 e - a scroll of silence {unknown}
 g - 2 scrolls of amnesia {unknown}
 h - 2 scrolls of immolation {unknown}
 m - a scroll of poison {unknown}
 q - a scroll of noise {unknown}
 r - a scroll of fog {unknown}
 t - a scroll of blinking {unknown}
 T - 3 scrolls of teleportation
Potions
 b - a potion of magic
 f - a potion of resistance {unknown}
 i - 2 potions of enlightenment {unknown}
 j - 2 potions of attraction {unknown}
 k - 3 potions of degeneration {unknown}
 l - 2 potions of curing {unknown}
 n - a potion of invisibility {unknown}
 o - 2 potions of heal wounds {unknown}
 p - a potion of might {unknown}


   Skills:
 - Level 2.1 Dodging
 - Level 2.0 Stealth
 - Level 4.0 Spellcasting
 - Level 10.0 Conjurations
 + Level 2.0 Hexes
 + Level 2.1 Translocations


You had 3 spell levels left.
You knew the following spells:

 Your Spells              Type           Power      Damage    Failure   Level
a - Magic Dart            Conj           100%       1d8       1%          1
b - Searing Ray           Conj           88%        2d7       1%          2
c - Fulminant Prism       Conj/Hex       14%        3d9       11%         4
d - Iskenderun's Mystic   Conj/Tloc      28%        2d7       11%         4

Your spell library contained the following spells:

 Spells                   Type           Power      Damage    Failure   Level
 Kiss of Death            Conj/Necr      96%        2d12      1%          1
 Dazzling Flash           Conj/Hex       56%        N/A       3%          3
 Stone Arrow              Conj/Erth      48%        3d10      4%          3
 Sandblast                Erth           8%         2d5       13%         1
 Passwall                 Tmut/Erth      3%         N/A       19%         2
 Vhi's Electric Charge    Tloc/Air       24%        N/A       24%         3
 Ignite Poison            Fire/Tmut/Pois 4%         N/A       36%         3
 Sticky Flame             Conj/Fire      24%        2d5       16%         4
 Arcjolt                  Conj/Air       18%        1d28      41%         5
 Ignition                 Fire           2%         3d3       100%        8
 Maxwell's Capacitive Co  Air            3%         ∞         100%        8


Dungeon Overview and Level Annotations

Branches:
Dungeon (5/15)             Temple (1/1) D:5

Altars:
Ashenzari
Cheibriados
Dithmenos
Kikubaaqudgha
Qazlal
Ru
Uskayaw
Vehumet
Yredelemnul

Annotations:
D:5 1 runed translucent door, Crazy Yiuf


Innate Abilities, Weirdness & Mutations

You have a beak for a mouth.
You have claws for feet.
Your magical nature lets you fly swiftly and evasively.


Message History

Vehumet accepts your kill.
The gnoll shouts!
Unknown command.
Casting: Magic Dart (safe; 1% risk of failure)
Confirm with . or Enter, or press ? or * to list all spells.
Aiming: Searing Ray (safe; 1% risk of failure)
Press: ? - help, Shift-Dir - straight line, f - gnoll
Aim: a gnoll, wielding a +1 whip of freezing and quivering a throwing net (84% to hit)
The searing ray hits the orc.
The orc is severely wounded.
The searing ray hits the gnoll.
The gnoll is lightly wounded. (Press . to maintain the ray.)
The searing ray hits the orc.
You kill the orc!
Vehumet accepts your kill.
The searing ray hits the gnoll.
The gnoll is heavily wounded.
The searing ray hits the gnoll!
You kill the gnoll!
Vehumet accepts your kill.
An ogre comes into view. It is wielding a +0 giant club.
Your Hexes skill increases to level 2!
Unknown command.
Unknown command.
The magic dart hits the ogre.
The ogre is moderately wounded.
The magic dart hits the ogre.
The ogre is moderately wounded.
Unknown command.
Casting: Magic Dart (safe; 1% risk of failure)
Confirm with . or Enter, or press ? or * to list all spells.
Aiming: Searing Ray (safe; 1% risk of failure)
Press: ? - help, Shift-Dir - straight line, f/p - ogre
Aim: an ogre, wielding a +0 giant club (moderately wounded, 91% to hit)
The searing ray hits the ogre.
The ogre is moderately wounded. (Press . to maintain the ray.)
The searing ray hits the ogre.
The ogre is heavily wounded.
The searing ray hits the ogre!
The ogre is severely wounded.
The ogre hits you with a +0 giant club!!
Ouch! That really hurt!
Unknown command.
Unknown command.
There is a stone staircase leading up here.
The ogre hits you with a +0 giant club!!
Ouch! That really hurt!
You die...

♣≈..≈≈≈.. .≈.#### ♣.≈≈≈≈≈≈≈
.≈..... #♣........ .≈.#._.
#.♣♣♣♣♣♣♣♣♣.# .≈.#...
#.>.'........ .≈.####
#####...##########.≈.....
#...#..........≈≈≈≈≈≈
#...#.#######........
####...#.# #@##.#######
..........# ##O##'##
#############......###########
.###. ...)))'................#
.#.. ...####......#.#.#.#.#.#
...# #####............# ...#
#..#.......#.# ...
#.....)......#. ..##
#..#...>...#...


You could see an ogre.

Vanquished Creatures
  Menkaure (D:4)
  2 water moccasins (D:5)
  An ice beast (D:5)
  A howler monkey (D:4)
  An orc priest (D:4)
  3 hounds
  2 orc wizards
  7 gnolls
  3 adders
  2 ufetubi
  A worm (D:3)
  2 dart slugs (D:3)
  11 orcs
  6 ball pythons
  6 bats
  5 endoplasms
  2 giant cockroaches
  9 hobgoblins
  2 jackals (D:1)
  5 quokkas
  4 frilled lizards
  8 goblins
  7 kobolds
  6 rats
97 creatures vanquished.

Notes
Turn   | Place    | Note
-------+----------+-------------------------------------------
     0 | D:1      | Sobieck the Tengu Conjurer began the quest for the Orb.
     0 | D:1      | Reached XP level 1. HP: 10/10 MP: 4/4
   160 | D:1      | Reached XP level 2. HP: 15/15 MP: 3/6
   283 | D:1      | Reached skill level 6 in Conjurations
   514 | D:1      | Learned a level 2 spell: Searing Ray
   591 | D:1      | Reached XP level 3. HP: 19/19 MP: 4/7
  1337 | D:2      | Reached skill level 7 in Conjurations
  1787 | D:3      | You fall into a shaft and drop 2 floors!
  1787 | D:5      | Entered Level 5 of the Dungeon
  1790 | D:5      | Found a runed translucent door.
  1791 | D:5      | Noticed Crazy Yiuf
  1795 | D:5      | Noticed a water moccasin
  1800 | D:5      | Killed a water moccasin
  1801 | D:5      | Reached skill level 8 in Conjurations
  1801 | D:5      | Reached XP level 4. HP: 24/24 MP: 1/9
  1801 | D:5      | Gained mutation: Your magical nature lets you fly swiftly
                  | and evasively. [Tengu growth]
  1801 | D:5      | Reached XP level 5. HP: 28/28 MP: 1/10
  1874 | D:5      | Noticed a water moccasin
  1883 | D:5      | Killed a water moccasin
  1884 | D:5      | Reached XP level 6. HP: 32/32 MP: 4/13
  1889 | D:5      | Learned a level 4 spell: Fulminant Prism
  1894 | D:5      | Learned a level 4 spell: Iskenderun's Mystic Blast
  1957 | D:5      | Found a staircase to the Ecumenical Temple.
  2002 | Temple   | Entered the Ecumenical Temple
  2015 | Temple   | Became a worshipper of Vehumet
  2028 | D:5      | Found a basalt altar of Yredelemnul.
  2101 | D:5      | Found a broken altar of Ashenzari.
  2156 | D:5      | Noticed an ice beast
  2182 | D:5      | Killed an ice beast
  2264 | D:5      | Reached skill level 9 in Conjurations
  2465 | D:4      | Reached XP level 7. HP: 36/36 MP: 8/14
  2605 | D:4      | Reached skill level 10 in Conjurations
  3190 | D:3      | Reached * piety under Vehumet
  3190 | D:3      | Offered knowledge of Kiss of Death by Vehumet.
  3867 | D:4      | Found a shadowy altar of Dithmenos.
  4056 | D:4      | Reached skill level 1 in Hexes
  4056 | D:4      | Reached skill level 1 in Translocations
  4452 | D:4      | Noticed Menkaure
  4459 | D:4      | Killed Menkaure
  4574 | D:5      | Slain by an ogre

Illustrated notes

Levels and vault maps discovered:
D:1:      heliophobic_arrival_dark_side_of_the_moon, layout_basic
D:2:      layout_loops_cross, chequers_big_river
D:3:      minmay_evil_eye, layout_loops_ring
D:4:      layout_basic, nicolae_dithmenos_through_a_glass_darkly,
          dreamdust_gnoll_farm, uniq_menkaure
D:5:      layout_basic, mainiacjoe_overflow_brackets,
          mainiacjoe_overflow_six_doors_small, mainiacjoe_overflow_paths,
          minmay_temple_entry_glass, gup_sewer_entry_pipe,
          hangedman_decor_points, cheibrodos_gnoll_hut, uniq_crazy_yiuf_cottage,
          uniq_prince_ribbit1
Temple:   hellmonk_temple_two_chambers

Skill      XL: |  1  2  3  4  5  6  7 |
---------------+----------------------+-----
Conjurations   | 6 8 9 10 | 10.0
Spellcasting   | 4 |  4.0
Hexes          | 2 |  2.0
Translocations | 2 |  2.1
Dodging        | |  2.1
Stealth        | |  2.0

Action                     |  1- 3 |  4- 6 |  7- 9 || total
---------------------------+-------+-------+-------++-------
   Cast: Magic Dart        |    60 |    15 |    82 ||   157
         Searing Ray       |     1 |     7 |    11 ||    19
    Use: Scroll            |     1 |       |       ||     1
 Armour: Robe              |     2 |     2 |     2 ||     6
  Dodge: Dodged            |     4 |     6 |    10 ||    20

Table legend: (Time is in decaauts)
 A = Elapsed time spent in this place.
 B = Non-inter-level travel time spent in this place.
 C = Inter-level travel time spent in this place.
 D = Time resting spent in this place.
 E = Time spent auto-exploring this place.
 F = Levels seen in this place.
 G = Mean time per level.
                   A        B        C        D        E       F      G
               +--------+--------+--------+--------+--------+-----+--------+
         Total |   4435 |   4299 |    136 |    162 |   3645 |   6 |  739.2 |
       Dungeon |   4419 |   4286 |    133 |    162 |   3645 |   5 |  883.8 |
        Temple |     16 |     14 |      2 |      0 |      0 |   1 |   16.0 |
               +--------+--------+--------+--------+--------+-----+--------+

Top non-repeatable levels by time:
     D:4: 1282 daAuts
     D:2: 1072 daAuts
     D:3: 871 daAuts
     D:1: 725 daAuts
     D:5: 468 daAuts
  Temple: 16 daAuts
